 Dungeon Crawl Stone Soup version 0.29.1-13-g9f3cf754e1 (webtiles) character file.

Game seed: 7169787891770121453

66 Exodus22XD the Covered (level 3, -1/33 HPs)
             Began as a Minotaur Fighter on Feb 3, 2023.
             Slain by a scorpion (2 damage)
             ... on level 3 of the Dungeon.
             The game lasted 00:01:52 (1858 turns).

Exodus22XD the Covered (Minotaur Fighter)           Turns: 1858, Time: 00:01:53

Health: -1/33      AC:  9    Str: 22    XL:     3   Next: 96%
Magic:  2/2        EV:  7    Int:  5    God:
Gold:   83         SH:  4    Dex:  9    Spells: 2/2 levels left

rFire   + . .      SeeInvis .   a - +0 war axe
rCold   + . .      Faith    .   c - +0 buckler
rNeg    . . .      Spirit   .   k - +0 chain mail
rPois   .          Reflect  .   (helmet restricted)
rElec   .          Harm     .   i - scarf {rC+ rF+}
rCorr   .          Rampage  .   (no gloves)
Will    .....                   (no boots)
Stlth   ..........              (no amulet)
HPRegen 0.11/turn               (no ring)
MPRegen 0.08/turn               (no ring)

@: mighty, lethally poisoned (-1 -> -6)
A: horns 2, retaliatory headbutt
a: no special abilities


You were on level 3 of the Dungeon.
You visited 1 branch of the dungeon, and saw 3 of its levels.

You collected 83 gold pieces.

Inventory:

Hand Weapons
 a - a +0 war axe (weapon)
Armour
 c - a +0 buckler (worn)
 i - a scarf of resistance (worn)
 k - a +0 chain mail (worn)
Scrolls
 b - a scroll of enchant armour {unknown}
 e - a scroll of acquirement {unknown}
 f - 3 scrolls of poison {unknown}
 g - a scroll of teleportation {unknown}
 m - a scroll of torment {unknown}
Potions
 h - 2 potions of heal wounds {unknown}
 j - a potion of attraction {unknown}
 l - a potion of resistance {unknown}


   Skills:
 + Level 4.1 Fighting
 + Level 3.4 Axes
 + Level 4.5 Armour
 + Level 4.1 Shields


You had 2 spell levels left.
You didn't know any spells.
Your spell library was empty.

Dungeon Overview and Level Annotations

Branches:
Dungeon (3/15)

Altars:

Annotations:
D:3 Sigmund


Innate Abilities, Weirdness & Mutations

You have a pair of horns on your head.
You reflexively headbutt those who attack you in melee.


Message History

No target in view!
Found an escape hatch in the floor.
A scorpion comes into view.
Found a stone staircase leading down.
A scorpion is nearby!
A scorpion is nearby!
The scorpion barely misses you.
There is an escape hatch in the floor here.
You barely miss the scorpion. The scorpion stings you.
The scorpion stings you but does no damage.
You hit the scorpion but do no damage. Your headbutt misses the scorpion.
The scorpion stings you.
The scorpion stings you but does no damage.
You barely miss the scorpion. Your headbutt misses the scorpion.
The scorpion stings you.
Unknown command.
You slash the scorpion!
The scorpion is heavily wounded.
The scorpion stings you but does no damage. x2
You barely miss the scorpion.
The scorpion is heavily wounded.
The scorpion stings you. x2
You are poisoned.
The scorpion poisons you!
You closely miss the scorpion.
The scorpion is heavily wounded.
You feel very sick. The scorpion stings you.
* * * LOW HITPOINT WARNING * * *
You hit the scorpion.
The scorpion is severely wounded.
* * * LOW HITPOINT WARNING * * *
You feel sick. The scorpion stings you.
* * * LOW HITPOINT WARNING * * *
The scorpion stings you.
* * * LOW HITPOINT WARNING * * *
You feel very mighty all of a sudden.
* * * LOW HITPOINT WARNING * * *
You feel sick. The scorpion stings you.
You die...

## .# ####
#####.#.....
#######........###
#.........@s...>..
#.#####.###.#.####
#.# #... ... #.#
#####.#... #.#
.##### #.# .# #.#
.. #.# ## #.#


You could see a scorpion.

Vanquished Creatures
  A gnoll (D:1)
  2 adders
  A worm (D:3)
  2 dart slugs (D:2)
  6 ball pythons
  An endoplasm (D:2)
  A giant cockroach (D:1)
  4 hobgoblins
  2 quokkas
  A bat (D:1)
  3 frilled lizards
  2 goblins (D:1)
  6 kobolds
  A rat (D:1)
33 creatures vanquished.

Notes
Turn   | Place    | Note
-------+----------+-------------------------------------------
     0 | D:1      | Exodus22XD the Minotaur Fighter began the quest for the
                  | Orb.
     0 | D:1      | Reached XP level 1. HP: 19/19 MP: 0/0
   424 | D:1      | Reached XP level 2. HP: 27/27 MP: 1/1
   764 | D:1      | Reached XP level 3. HP: 32/33 MP: 2/2
  1588 | D:3      | Noticed Sigmund
  1847 | D:3      | Noticed a scorpion
  1858 | D:3      | HP: 1/33 [poisoned by a scorpion]
  1858 | D:3      | Slain by a scorpion

Illustrated notes

Levels and vault maps discovered:
D:1:      lightli_arrival_farm, layout_basic, shapermc_ecumenical_altar_petra,
          minmay_hedge_maze, minmay_tetromino_t2
D:2:      layout_basic
D:3:      layout_loops_ring, uniq_sigmund

Skill      XL: |  1  2  3 |
---------------+----------+-----
Armour         | 4 |  4.5
Shields        | 4 |  4.1
Fighting       | 4 |  4.1
Axes           | 3 |  3.4

Action                   || total
-------------------------++-------
Melee: War axe           ||    84
       Headbutt          ||    13
  Use: Potion            ||     1
Armor: Scale mail        ||    34
       Chain mail        ||     8
       Skin              ||     1
Dodge: Dodged            ||    33
Block: Buckler           ||    14
